Construct Section Command Post
Selects Air and Sea Battlegroup
Selects Air and Sea Battlegroup
Construct Platoon Command Post
Selects Commando Section Paradrop
Selects Commando Support Section Paradrop
Selects Commando Section Paradrop
Selects Commando Support Section Paradrop
Commando Support Section Paradrop
Commando Section Paradrop
Commando Section Paradrop
6-pounder Anti-tank Gun Team
Construct Field Infirmary
Construct Company Command Post
6-pounder Anti-tank Gun Team
Construct Field Infirmary
Selects Naval Bombardment
Unlock Bishop Self-propelled Artillery
Unlock M3 Grant Medium Tanks